General information
- name: 2v2-
- type: Custom game
- host: ImSad
- saver: shagtwee
map: TurtleRock
- players: 4
- length: 18:23
- speed: Fast
- version: 1.26 W3XP
- replay type: Public
» download(195 KB)
Players
team 1 (loser)

»
ImSad (
red | 262 APM | 4810 actions | 18:23)
4 Death Knight
2 Death Coil
2 Unholy Aura
2 Lich
1 Frost Nova
1 Frost Armor
2 Dark Ranger
1 Silence
1 Life Drain
» actions
| Assign group hotkey | 90 | |
| Basic commands | 180 | |
| Build / train | 69 | |
| ESC pressed | 6 | |
| Enter build submenu | 15 | |
| Enter hero's abilities submenu | 8 | |
| Give item / drop item | 7 | |
| Right click | 1361 | |
| Select / deselect | 827 | |
| Select group hotkey | 2140 | |
| Use ability | 107 | |
4810 total
» units
| Acolyte | 3 | |
| Ghoul | 5 | |
| Crypt Fiend | 19 | |
| Obsidian Statue | 7 | |
34 total
» upgrades
| Burrow | 1 | |
| Creature Attack | 2 | |
| Destroyer Form | 1 | |
| Creature Carapace | 1 | |
5 total
» buildings
| Crypt | 1 | |
| Graveyard | 1 | |
| Altar of Darkness | 1 | |
| Ziggurat | 5 | |
| Tomb of Relics | 1 | |
| Nerubian Tower | 1 | |
| Halls of the Dead | 1 | |
| Black Citadel | 1 | |
| Slaughterhouse | 1 | |
| Sacrificial Pit | 1 | |
14 total
» build order
00:06 Crypt
00:08 Graveyard
00:41 Altar of Darkness
00:54 Ziggurat
01:26 Tomb of Relics
01:57 Ziggurat
02:32 Nerubian Tower
03:47 Halls of the Dead
04:21 Ziggurat
06:54 Black Citadel
08:48 Slaughterhouse
09:45 Ziggurat
14:51 Sacrificial Pit
15:22 Ziggurat
» items
| Rod of Necromancy | 2 | |
| Dust of Appearance | 1 | |
| Potion of Healing | 1 | |
| Potion of Mana | 1 | |
| Orb of Corruption | 1 | |
| Scroll of Healing | 6 | |
| Potion of Lesser Invulnerability | 3 | |
15 total

»
justsmile- (
pink | 126 APM | 2308 actions | 18:14)
3 Mountain King
2 Storm Bolt
1 Bash
2 Archmage
1 Blizzard
1 Brilliance Aura
» actions
| Assign group hotkey | 38 | |
| Basic commands | 1 | |
| Build / train | 78 | |
| Enter build submenu | 16 | |
| Enter hero's abilities submenu | 5 | |
| Give item / drop item | 3 | |
| Right click | 1223 | |
| Select / deselect | 234 | |
| Select group hotkey | 619 | |
| Use ability | 91 | |
2308 total
» units
| Peasant | 17 | |
| Footman | 9 | |
| Rifleman | 8 | |
| Spell Breaker | 3 | |
| Sorceress | 3 | |
| Priest | 1 | |
41 total
» upgrades
| Long Rifles | 1 | |
| Gunpowder | 1 | |
| Sorceress Training | 1 | |
3 total
» buildings
| Altar of Kings | 1 | |
| Barracks | 1 | |
| Farm | 10 | |
| Scout Tower | 1 | |
| Arcane Vault | 1 | |
| Keep | 3 | |
| Arcane Tower | 1 | |
| Blacksmith | 1 | |
| Arcane Sanctum | 1 | |
20 total
» build order
00:08 Altar of Kings
00:22 Barracks
00:27 Farm
01:01 Farm
01:37 Scout Tower
02:02 Farm
02:25 Farm
03:35 Arcane Vault
03:55 Keep
03:55 Keep
03:55 Keep
04:41 Arcane Tower
04:44 Farm
05:24 Blacksmith
06:36 Arcane Sanctum
06:47 Farm
09:58 Farm
10:55 Farm
10:55 Farm
12:03 Farm
» items
| Scroll of Regeneration | 5 | |
| Lesser Clarity Potion | 2 | |
| Dust of Appearance | 1 | |
| Scroll of Town Portal | 4 | |
| Potion of Healing | 2 | |
| Potion of Lesser Invulnerability | 3 | |
| Scroll of Healing | 1 | |
| Scroll of Protection | 1 | |
19 total
team 2 (winner)

»
xFantASiBOY1994 (
blue | 110 APM | 2018 actions | 18:23)
4 Blademaster
2 Wind Walk
2 Critical Strike
3 Shadow Hunter
1 Hex
2 Healing Wave
» actions
| Assign group hotkey | 32 | |
| Basic commands | 105 | |
| Build / train | 69 | |
| Enter build submenu | 13 | |
| Enter hero's abilities submenu | 7 | |
| Give item / drop item | 5 | |
| Remove unit from queue | 1 | |
| Right click | 1154 | |
| Select / deselect | 338 | |
| Select group hotkey | 210 | |
| Use ability | 84 | |
2018 total
» units
| Peon | 6 | |
| Grunt | 8 | |
| Raider | 4 | |
| Tauren | 4 | |
| Kodo Beast | 4 | |
26 total
» upgrades
| Berserker Strength | 1 | |
| Ensnare | 1 | |
| Pillage | 1 | |
| War Drums Damage Increase | 1 | |
| Pulverize | 1 | |
| Armor | 1 | |
6 total
» buildings
| Altar of Storms | 1 | |
| Orc Burrow | 5 | |
| Barracks | 1 | |
| Voodoo Lounge | 1 | |
| Stronghold | 1 | |
| Beastiary | 1 | |
| Fortress | 1 | |
| War Mill | 1 | |
| Tauren Totem | 1 | |
13 total
» build order
00:05 Altar of Storms
00:16 Orc Burrow
00:37 Barracks
01:33 Orc Burrow
01:49 Voodoo Lounge
02:59 Stronghold
03:44 Orc Burrow
05:23 Beastiary
08:49 Fortress
09:26 War Mill
11:09 Orc Burrow
11:51 Tauren Totem
15:21 Orc Burrow
» items
| Circlet of Nobility | 1 | |
| Boots of Speed | 2 | |
| Healing Salve | 3 | |
| Lesser Clarity Potion | 10 | |
| Scroll of Speed | 2 | |
| Potion of Healing | 2 | |
| Potion of Lesser Invulnerability | 3 | |
| Orb of Lightning | 1 | |
| Scroll of Town Portal | 1 | |
25 total

»
shagtwee (
teal | 140 APM | 2572 actions | 18:23)
5 Death Knight
3 Death Coil
2 Unholy Aura
4 Lich
2 Frost Nova
2 Frost Armor
3 Crypt Lord
2 Impale
1 Spiked Carapace
» actions
| Assign group hotkey | 45 | |
| Basic commands | 10 | |
| Build / train | 61 | |
| ESC pressed | 1 | |
| Enter build submenu | 16 | |
| Enter hero's abilities submenu | 12 | |
| Give item / drop item | 7 | |
| Right click | 833 | |
| Select / deselect | 600 | |
| Select group hotkey | 858 | |
| Use ability | 129 | |
2572 total
» units
| Acolyte | 4 | |
| Ghoul | 3 | |
| Crypt Fiend | 10 | |
| Obsidian Statue | 5 | |
22 total
» upgrades
| Burrow | 1 | |
| Web | 1 | |
| Destroyer Form | 1 | |
| Creature Attack | 2 | |
| Disease Cloud | 1 | |
6 total
» buildings
| Crypt | 1 | |
| Graveyard | 1 | |
| Altar of Darkness | 1 | |
| Ziggurat | 6 | |
| Tomb of Relics | 1 | |
| Halls of the Dead | 1 | |
| Nerubian Tower | 1 | |
| Slaughterhouse | 1 | |
| Black Citadel | 3 | |
16 total
» build order
00:08 Crypt
00:13 Graveyard
00:45 Altar of Darkness
00:56 Ziggurat
01:29 Tomb of Relics
02:03 Ziggurat
03:56 Halls of the Dead
04:41 Ziggurat
05:09 Nerubian Tower
06:24 Slaughterhouse
06:26 Ziggurat
06:56 Black Citadel
06:56 Black Citadel
06:56 Black Citadel
10:47 Ziggurat
11:59 Ziggurat
» items
| Rod of Necromancy | 8 | |
| Orb of Corruption | 1 | |
| Scroll of Healing | 1 | |
| Potion of Lesser Invulnerability | 1 | |
| Scroll of Town Portal | 1 | |
| Potion of Healing | 1 | |
13 total
Chat log
(00:20 / Allies) shagtwee: hy
(00:29 / Allies) shagtwee: sup
(02:08 / All) xFantASiBOY1994: omfg ally
(03:41 / Allies) shagtwee: mk
(03:43 / Allies) shagtwee: hu
(07:28 / Allies) xFantASiBOY1994: tp
(08:42 / All) ImSad: omg wtf
(11:48 / Allies) xFantASiBOY1994: go
(14:14 / Allies) shagtwee: g?
(14:18 / Allies) xFantASiBOY1994: no wait bm
(14:24 / Allies) xFantASiBOY1994: let me creep lvl 3 sh
(15:16 / Allies) xFantASiBOY1994: rdy
(16:32 / Allies) xFantASiBOY1994: need heal mom
(16:36 / Allies) shagtwee: i can go
(17:11 / Allies) xFantASiBOY1994: go
(18:19 / All) shagtwee: gg